 Dungeon Crawl Stone Soup version 0.31.0-32-g396128a36d (webtiles) character file.

Game seed: 2754923181937290149

39 soylentplaid the Magician (level 3, 0/19 HPs)
             Began as a Deep Elf Air Elementalist on Apr 11, 2024.
             Slain by a gnoll
             ... wielding a +0 whip
              (6 damage)
             ... on level 2 of the Dungeon.
             The game lasted 00:02:52 (973 turns).

soylentplaid the Magician (DEAE)                     Turns: 973, Time: 00:02:52

Health: 0/19       AC:  2    Str:  5    XL:     3   Next: 26%
Magic:  0/10       EV: 12    Int: 21    God:
Gold:   68         SH:  0    Dex: 15    Spells: 3/9 levels left

rFire   . . .        c - +0 short sword
rCold   . . .        (no shield)
rNeg    . . .        a - +0 robe
rPois   .            (no helmet)
rElec   .            (no cloak)
rCorr   .            (no gloves)
SInv    .            (no boots)
Will    .....        (no amulet)
Stlth   ++           (no ring)
HPRegen 0.23/turn    (no ring)
MPRegen 0.12/turn

%: no passive effects
@: no status effects
A: no striking features
a: no special abilities


You were on level 2 of the Dungeon.
You visited 1 branch of the dungeon, and saw 2 of its levels.

You collected 68 gold pieces.

Inventory:

Hand Weapons
 c - a +0 short sword (weapon)
Armour
 a - a +0 robe (worn)
Scrolls
 e - a scroll of identify {unknown}
 f - a scroll of teleportation {unknown}
 g - a scroll of poison {unknown}
Potions
 b - a potion of magic
 d - a potion of curing {unknown}


   Skills:
 + Level 0.2 Short Blades
 + Level 2.4 Dodging
 + Level 2.9 Stealth
 + Level 3.9 Spellcasting
 + Level 1.3 Conjurations
 + Level 3.6 Air Magic


You had 3 spell levels left.
You knew the following spells:

 Your Spells              Type           Power      Damage    Failure   Level
a - Shock                 Conj/Air       56%        1d6       4%          1
b - Static Discharge      Conj/Air       28%        3-5/arc   7%          2
c - Swiftness             Air            19%        N/A       9%          3

Your spell library contained the following spells:

 Spells                   Type           Power      Damage    Failure   Level
 Call Canine Familiar     Summ           4%         N/A       36%         3
 Sigil of Binding         Hex            4%         N/A       36%         3
 Airstrike                Air            9%         2d(2-18)  26%         4
 Dimensional Bullseye     Hex/Tloc       2%         N/A       77%         4


Dungeon Overview and Level Annotations

Branches:
Dungeon (2/15)

Altars:

Annotations:
D:1 1 transporter


Message History

A gnoll comes into view. It is wielding a +0 whip.
The gnoll moves out of view.
You now have 68 gold pieces (gained 10).
You see here a +0 club.
There is a stone staircase leading up here.
You start resting.
A gnoll is nearby!
Aiming: Shock (safe; 4% risk of failure)
Press: ? - help, Q - select action, (/) - cycle Shift-Dir - straight line, f - gnoll
Aim: a gnoll, wielding a +0 whip (wandering, hasn't noticed you, 75% to hit)
The zap hits the gnoll.
The gnoll is lightly wounded.
Unknown command.
Aiming: Shock (safe; 4% risk of failure)
Press: ? - help, Q - select action, (/) - cycle Shift-Dir - straight line, f/p - gnoll
Aim: a gnoll, wielding a +0 whip (lightly wounded, 75% to hit)
Okay, then.
Unknown command.
The gnoll hits you with a +0 whip.
Aiming: Shock (safe; 4% risk of failure)
Press: ? - help, Q - select action, (/) - cycle Shift-Dir - straight line, f/p - gnoll
Aim: a gnoll, wielding a +0 whip (lightly wounded, 75% to hit)
The zap misses the gnoll.
The gnoll hits you with a +0 whip!
* * * LOW HITPOINT WARNING * * *
Aiming: Shock (safe; 4% risk of failure)
Press: ? - help, Q - select action, (/) - cycle Shift-Dir - straight line, f/p - gnoll
Aim: a gnoll, wielding a +0 whip (lightly wounded, 75% to hit)
The zap misses the gnoll.
The gnoll closely misses you.
Unknown command.
You don't have enough magic to cast this spell.
Unknown command.
Unknown command.
You don't have enough magic to cast this spell.
Unknown command.
You hit the gnoll.
The gnoll is moderately wounded.
The gnoll hits you with a +0 whip.
You die...

.... ##..## .....#
....# ..#.##
##########....
.......@<#.#.#####.
########g#'#.......
#.........g.....#
..######........#
#.......)#
..).........
.............
###...........
##........##


You could see a gnoll.

Vanquished Creatures
  A gnoll (D:2)
  3 ball pythons (D:1)
  3 endoplasms (D:1)
  2 giant cockroaches (D:1)
  3 goblins (D:1)
  3 hobgoblins
  6 bats (D:1)
  A frilled lizard (D:1)
  4 kobolds
  A rat (D:1)
27 creatures vanquished.

Notes
Turn   | Place    | Note
-------+----------+-------------------------------------------
     0 | D:1      | soylentplaid the Deep Elf Air Elementalist began the quest
                  | for the Orb.
     0 | D:1      | Reached XP level 1. HP: 10/10 MP: 6/6
   296 | D:1      | Reached XP level 2. HP: 15/15 MP: 5/8
   914 | D:2      | Reached XP level 3. HP: 19/19 MP: 2/10
   921 | D:2      | Learned a level 2 spell: Static Discharge
   925 | D:2      | Learned a level 3 spell: Swiftness
   973 | D:2      | Slain by a gnoll

Illustrated notes

Levels and vault maps discovered:
D:1:      spicycebolla_arrival_risky_transporter, layout_basic
D:2:      layout_basic

Action                     || total
---------------------------++-------
  Melee: Short sword       ||    15
   Cast: Shock             ||    49
         Static Discharge  ||     1
 Armour: Robe              ||    18
  Dodge: Dodged            ||    20
